AoeStats
← SlightlySaltedCamelCrisps

Nomad

508262874Analyzed
3v3 RM · 12d ago on Sep 21, 2026· 49m 14s· 6 players
Game mode
Random Map
Map size
210×210
Population
200
Speed
Normal
Resources
Standard
Victory
Conquest
Starting age
Dark Age
Ending age
Imperial Age
RankedLock teamsTeams togetherTeam positionsShared explorationLock speedFull tech treeHidden civsTurbo modeCheats
Victory
Defeat
🇩🇪 Japanese · Germany
1258
+13
1164
+16
🇩🇪 Vietnamese · Germany
1163
+16
🇩🇪 Jurchens · Germany
1184
-15
🇩🇪 Georgians · Germany
1179
-15
🇩🇪 Goths · Germany
1170
-15
BlackRefresher
3:55 Loom
14:58 Feudal Age
15:37 Double-Bit Axe
24:25 Castle Age
22:56 Fletching
23:15 Horse Collar
24:54 Scale Barding Armor
25:32 Wheelbarrow
25:31 Forging
26:13 Chain Barding Armor
26:32 Medium Warships
26:54 Bloodlines
26:44 Husbandry
27:20 Iron Casting
38:04 Bodkin Arrow
38:09 Padded Archer Armor
40:16 Bow Saw
40:08 Padded Archer Armor
41:09 Fishing Lines
42:38 Gold Mining
42:42 Gillnets
44:42 Hand Cart
45:53 Gold Shaft Mining
50:56 Imperial Age
redrock
3:25 Loom
16:01 Feudal Age
24:25 Castle Age
21:55 Man-at-Arms
26:09 Wheelbarrow
24:58 Long Swordsman
25:47 Scale Mail Armor
25:57 Forging
28:40 Chain Mail Armor
35:13 Hand Cart
36:08 Squires
37:58 Hand Cart
44:07 Imperial Age
43:33 Iron Casting
45:52 Blast Furnace
44:15 Two-Handed Swordsman
44:19 Pikeman
45:28 Perfusion
45:00 Champion
venOx
6:23 Loom
14:13 Feudal Age
15:02 Double-Bit Axe
19:44 Castle Age
18:10 Stone Mining
18:29 Scale Barding Armor
18:36 Forging
22:13 Chain Barding Armor
22:21 Bow Saw
22:06 Gold Mining
22:09 Horse Collar
22:55 Town Watch
24:04 Fishing Lines
29:42 Bloodlines
30:08 Husbandry
31:23 Fletching
31:53 Heavy Plow
35:55 Imperial Age
34:39 Svan Towers
35:49 Iron Casting
35:21 Bodkin Arrow
36:48 Wheelbarrow
36:52 Stone Shaft Mining
37:06 Conscription
37:31 Plate Barding Armor
38:12 Elite Monaspa
43:31 Blast Furnace
46:17 Hoardings
eastemnet
5:58 Loom
14:06 Feudal Age
17:53 Castle Age
15:57 Town Watch
19:48 Fletching
19:56 Double-Bit Axe
21:23 Bow Saw
22:47 Scale Mail Armor
22:35 Horse Collar
25:26 Wheelbarrow
26:04 Chain Mail Armor
26:29 Yasama
26:27 Arson
27:41 Squires
29:32 Pikeman
32:15 Forging
32:33 Guard Tower
33:04 Ballistics
33:16 Bodkin Arrow
34:14 Murder Holes
35:07 Gold Mining
38:18 Iron Casting
38:08 Masonry
40:11 Stone Mining
43:00 Imperial Age
40:45 Heavy Plow
42:37 Hand Cart
44:04 Conscription
43:26 Elite Samurai
43:28 Halberdier
45:10 Plate Mail Armor
46:30 Chemistry
45:17 Arrowslits
47:11 Hoardings
47:15 Keep
47:28 Bracer
49:11 Blast Furnace
jimima
5:02 Loom
14:59 Feudal Age
18:50 Castle Age
16:55 Double-Bit Axe
17:00 Horse Collar
17:54 Fletching
18:42 Gold Mining
20:22 Bow Saw
20:51 Heavy Plow
24:46 Fishing Lines
27:53 Bodkin Arrow
28:01 Padded Archer Armor
30:32 Stone Mining
37:35 Imperial Age
35:36 Leather Archer Armor
37:53 Forging
38:45 Stone Shaft Mining
38:22 Bracer
38:53 Ring Archer Armor
38:48 Ballistics
39:29 Chemistry
38:26 Murder Holes
39:21 Wheelbarrow
38:33 Town Watch
39:14 Paper Money
39:29 Elite Rattan Archer
40:43 Hand Cart
40:30 Town Patrol
41:57 Crop Rotation
42:30 Two-Man Saw
42:40 Iron Casting
42:06 Scale Mail Armor
43:00 Siege Engineers
42:48 Pikeman
43:29 Squires
44:56 Halberdier
45:22 Arson
45:59 Chain Mail Armor
48:56 Plate Mail Armor
48:32 Scale Barding Armor
48:31 Chatras
48:38 Chatras
49:20 Hoardings
SlightlySaltedCamelCrisps
5:54 Loom
14:52 Feudal Age
15:42 Double-Bit Axe
18:45 Castle Age
16:38 Gold Mining
19:47 Medium Warships
20:44 Bow Saw
20:17 Horse Collar
22:24 Wheelbarrow
21:34 Town Watch
26:24 Heavy Plow
27:45 Fletching
29:02 Hand Cart
29:03 Stone Mining
29:49 Town Patrol
30:25 Fishing Lines
31:05 Squires
30:50 Arson
31:38 Tigui
32:21 Forging
36:42 Imperial Age
35:49 Gold Shaft Mining
35:44 Scale Mail Armor
37:32 Chain Mail Armor
37:53 Iron Casting
37:14 Bodkin Arrow
37:57 Conscription
38:29 Ballistics
39:06 Masonry
39:57 Chemistry
40:46 Farimba
40:55 Scale Barding Armor
41:08 Bloodlines
40:58 Husbandry
40:21 Heavy Camel Rider
42:41 Chain Barding Armor
44:56 Plate Barding Armor
46:57 Plate Mail Armor
48:39 Elite Gbeto
Connection lost

Rejoining the realm…

Still unreachable

The connection could not be restored.

Session expired

The server has moved on; the page needs a fresh start.